 Dungeon Crawl Stone Soup version 0.28-a0-43-g560ac104fe (webtiles) character file.

Game seed: 567993802300915597

194 Lekart the Skirmisher (level 5, -3/47 HPs)
             Began as a Draconian Chaos Knight on July 28, 2021.
             Was a Plaything of Xom.
             Slain by Sigmund (6 damage)
             ... on level 3 of the Dungeon.
             The game lasted 00:04:03 (3537 turns).

Lekart the Skirmisher (Draconian Chaos Knight)      Turns: 3537, Time: 00:04:04

Health: -3/47      AC:  9    Str: 13    XL:     5   Next: 44%
Magic:  5/5        EV: 12    Int: 12    God:    Xom [....*.]
Gold:   210        SH:  0    Dex: 11    Spells: 4/4 levels left

rFire   . . .      SeeInvis .   a - +0 falchion (chaos)
rCold   . . .      Faith    .   (no shield)
rNeg    . . .      Spirit   .   (armour unavailable)
rPois   .          Reflect  .   (helmet restricted)
rElec   .          Harm     .   (no cloak)
rCorr   .          Rampage  .   (no gloves)
Will    .....                   (no boots)
Stlth   +.........              k - amulet of the acrobat
HPRegen 0.15/turn               e - +4 ring of protection
MPRegen 0.09/turn               (no ring)

@: on berserk cooldown, slowed, very slow
A: AC +5, unfitting armour, cold-blooded, weak 1
a: Renounce Religion


You were on level 3 of the Dungeon.
You worshipped Xom.
You were a beloved toy of Xom.
You visited 1 branch of the dungeon, and saw 4 of its levels.

You collected 210 gold pieces.

Inventory:

Hand Weapons
 a - a +0 falchion of chaos (weapon)
Jewellery
 e - a +4 ring of protection (left hand)
 k - an amulet of the acrobat (around neck)
Scrolls
 d - 2 scrolls of amnesia {unknown}
 f - a scroll of identify
 g - 2 scrolls of teleportation {unknown}
 h - a scroll of blinking {unknown}
 i - 3 scrolls of magic mapping {unknown}
 m - 3 scrolls of enchant armour {unknown}
 o - a scroll of enchant weapon {unknown}
Potions
 b - a potion of cancellation
 c - a potion of berserk rage
 j - a potion of attraction
 n - 2 potions of brilliance {unknown}
 p - a potion of heal wounds {unknown}
 q - a potion of haste {unknown}


   Skills:
 * Level 4.8 Fighting
 + Level 4.5 Long Blades
 + Level 3.2 Dodging


You had 4 spell levels left.
You didn't know any spells.
Your spell library was empty.

Dungeon Overview and Level Annotations

Branches:
Dungeon (4/15)
 Temple: D:4-7

Altars:
Fedhas
Xom

Annotations:
D:3 Sigmund


Innate Abilities, Weirdness & Mutations

Your plain brown scales are hard. (AC +5)
You cannot fit into any form of body armour.
You are cold-blooded and may be slowed by cold attacks.
You are weak. (Str -2)


Message History

The puff of flame misses you. Something misses you.
You closely miss something.
Your tail-slap misses something.
Something hits you.
You feel as though you will be slow longer.
Something freezes you.
You hit something but do no damage. Something hits you! Something freezes you.
You hear some strange, mumbled words.
A puff of flame appears from out of thin air!
The puff of flame hits you.
You hit something but do no damage. Something hits you. Something freezes you.
You hear some strange, mumbled words.
Something tries to affect you, but you resist.
You miss something. Something hits you.
You feel as though you will be slow longer.
Something freezes you.
You miss something. Something hits you but does no damage.
You hear some strange, mumbled words.
Something tries to affect you, but you resist.
It was a potion of curing.
You feel better.
Xom's power brushes against you for a moment.
Your body is suffused with distortional energy.
You feel weaker. Something barely misses you.
You barely miss something. You tail-slap something.
Something hits you but does no damage. Something hits you!
Something freezes you.
* * * LOW HITPOINT WARNING * * *
You miss something. Something hits you.
* * * LOW HITPOINT WARNING * * *
You feel as though you will be slow longer.
Something freezes you.
* * * LOW HITPOINT WARNING * * *
Something hits you.
* * * LOW HITPOINT WARNING * * *
You feel as though you will be slow longer.
Something freezes you.
* * * LOW HITPOINT WARNING * * *
You hit something but do no damage. Lightning courses through something!!
Something hits you.
You die...

######## .# ####...####...# # #
##.## ##.## # ########.######.##
# .........#.......# #
#####.....[.....#
##############.######†###.####.#.
.............#............#...###
############.######.......#.##.#.
#....@{......>.#.###.#
########.........# #.#
#.......### #.# #.......# #.#
#.......# #.# #######.# #.# #.#
#.# #.. ..# ###


There were no monsters in sight!

Vanquished Creatures
  A centaur skeleton (D:4)
  An orc wizard (D:4)
  A hound skeleton (D:2)
  3 adders (D:4)
  An adder skeleton (D:4)
  3 worms
  5 dart slugs
  4 orcs
  6 ball pythons
  6 bats
  4 endoplasms
  2 giant cockroaches
  2 hobgoblins (D:1)
  11 jackals
  4 kobolds
  A quokka (D:1)
  4 frilled lizards
  9 goblins
  6 rats
74 creatures vanquished.

Notes
Turn   | Place    | Note
-------+----------+-------------------------------------------
     0 | D:1      | Lekart the Draconian Chaos Knight began the quest for the
                  | Orb.
     0 | D:1      | Reached XP level 1. HP: 19/19 MP: 1/1
   116 | D:1      | Found a faded altar of an unknown god.
   228 | D:1      | Reached XP level 2. HP: 23/26 MP: 2/2
   537 | D:1      | XOM: smoke on damage
   686 | D:1      | Reached XP level 3. HP: 33/33 MP: 3/3
   957 | D:1      | XOM: scenery: 1 doors close
  1391 | D:2      | Found a blossoming altar of Fedhas.
  1458 | D:2      | XOM: potion effect (haste)
  1466 | D:2      | Reached XP level 4. HP: 38/41 MP: 4/4
  1497 | D:2      | XOM: silly message
  1785 | D:3      | XOM: silly message
  1840 | D:3      | Noticed Sigmund
  1841 | D:3      | XOM: noise
  1876 | D:4      | XOM: 2-stop teleportation journey
  2329 | D:4      | Reached XP level 5. HP: 42/47 MP: 5/5
  2447 | D:4      | XOM: 2-stop teleportation journey
  3031 | D:4      | XOM: scenery: summon butterflies
  3090 | D:4      | XOM: scenery: summon butterflies
  3095 | D:4      | XOM: scenery: create altars
  3534 | D:3      | XOM: give mutation
  3534 | D:3      | Gained mutation: You are weak. (Str -2) [Xom's mischief]
  3537 | D:3      | Slain by Sigmund

Illustrated notes

Levels and vault maps discovered:
D:1:      nzn_arrival_crosshair, layout_basic,
          shapermc_ecumenical_altar_flowoftime
D:2:      layout_basic, basic_altar, hex_tiny
D:3:      layout_loops_ring, uniq_sigmund
D:4:      layout_layer_cave, minivault_26

Skill      XL: |  1  2  3  4 |
---------------+-------------+-----
Fighting       | 4 |  4.8
Long Blades    | 4 |  4.5
Dodging        | 3 |  3.2

Action                   |  1- 3 |  4- 6 || total
-------------------------+-------+-------++-------
Melee: Falchion          |   107 |   142 ||   249
       Tailslap          |     9 |    19 ||    28
  Use: Scroll            |       |     4 ||     4
       Potion            |       |     3 ||     3
 Stab: Paralysed         |     1 |       ||     1
Armor: Skin              |    68 |    94 ||   162
Dodge: Dodged            |   103 |   114 ||   217
       Rpst.: Falchion   |    31 |    22 ||    53

Table legend: (Time is in decaauts)
 A = Elapsed time spent in this place.
 B = Non-inter-level travel time spent in this place.
 C = Inter-level travel time spent in this place.
 D = Time resting spent in this place.
 E = Time spent auto-exploring this place.
 F = Levels seen in this place.
 G = Mean time per level.
                   A        B        C        D        E       F      G
               +--------+--------+--------+--------+--------+-----+--------+
         Total |   3556 |   3507 |     49 |    152 |   2796 |   4 |  889.0 |
       Dungeon |   3556 |   3507 |     49 |    152 |   2796 |   4 |  889.0 |
               +--------+--------+--------+--------+--------+-----+--------+

Top non-repeatable levels by time:
     D:4: 1572 daAuts
     D:1: 1029 daAuts
     D:2: 584 daAuts
     D:3: 370 daAuts
